 Dungeon Crawl Stone Soup version 0.20-a0-345-gbfb25ec (webtiles) character file.

154 snakesoul the Skirmisher (level 5, -3/43 HPs)
             Began as a Demonspawn Fighter on Dec 22, 2016.
             Slain by an orc priest
             ... wielding a +0 flail
              (7 damage)
             ... on level 3 of the Dungeon.
             The game lasted 00:03:09 (2514 turns).

snakesoul the Skirmisher (Demonspawn Fighter)       Turns: 2514, Time: 00:03:09

Health: -3/43      AC: 11    Str: 17    XL:     5   Next: 13%
Magic:  5/5        EV:  7    Int:  9    God:
Gold:   109        SH:  9    Dex: 13    Spells: 4/4 levels left

rFire  . . .     SeeInvis .     a - +0 long sword
rCold  . . .     Gourm    .     r - +2 scale mail {rN+}
rNeg   + . .     Faith    .     c - +0 shield
rPois  .         Spirit   .     p - +0 helmet
rElec  .         Reflect  .     t - +0 cloak
rCorr  .         Harm     .     (no gloves)
MR     .....                    (no boots)
Stlth  +.........               (no amulet)
                                (no ring)
                                (no ring)

@: no status effects
A: rugged brown scales 1, nightstalker 1, powered by death 1
a: no special abilities


You were on level 3 of the Dungeon.
You were not hungry.

You visited 1 branch of the dungeon, and saw 3 of its levels.

You collected 109 gold pieces.

Inventory:

Hand Weapons
 a - a +0 long sword (weapon)
Armour
 c - a +0 shield (worn)
 p - a +0 helmet (worn)
 r - a +2 scale mail of positive energy (worn)
 t - a +0 cloak (worn)
Scrolls
 e - a scroll of teleportation {unknown}
 h - a scroll of amnesia {unknown}
 k - 2 scrolls of remove curse {unknown}
 o - 2 scrolls of identify {unknown}
 q - a scroll of blinking {unknown}
 s - a scroll of enchant armour {unknown}
Potions
 b - a potion of haste {unknown}
 d - 2 potions of might
 g - a potion of mutation {unknown}
 i - a potion of heal wounds {unknown}
 j - a potion of invisibility {unknown}
 n - a potion of berserk rage {unknown}
Comestibles
 f - 2 bread rations
 l - a meat ration
 m - a slice of pizza


   Skills:
 + Level 3.9 Fighting
 * Level 3.6 Long Blades
 - Level 2.6 Armour
 + Level 3.5 Shields


You had 4 spell levels left.
You didn't know any spells.

Dungeon Overview and Level Annotations

Branches:
Dungeon (3/15)

Altars:

Annotations:
D:3 junkhipster's ghost, amateur MiFi


Innate Abilities, Weirdness & Mutations

You are partially covered in rugged brown scales. (AC +1, +3% HP)
You are slightly more attuned to the shadows.
You regenerate a little health from kills.


Message History

The orc priest is moderately wounded.
The orc wizard gestures wildly while chanting.
The orc priest hits you but does no damage.
The orc wizard casts a spell at you. The magic dart hits you!
You hit the orc priest.
The orc priest is heavily wounded.
The orc wizard closely misses you.
You riposte.
You closely miss the orc wizard.
The orc wizard is lightly wounded.
The orc priest hits you with a flail!
* * * LOW HITPOINT WARNING * * *
The orc wizard barely misses you.
Unknown command.
Unknown command.
You closely miss the orc priest.
The orc priest is heavily wounded.
The orc wizard hits you but does no damage.
The orc priest hits you with a flail!
You die...

#..... #..#.#
#..#.# #..#.#
#..#.# .###
#..#)##.##
.....##...).....
.....o@<...##.##
#####o###### #.
#. #. #. #.


You could see an orc priest and an orc wizard.

Vanquished Creatures
  An orc wizard (D:3)
  Crazy Yiuf (D:2)
  An iguana (D:2)
  An adder (D:2)
  2 worms (D:2)
  A leopard gecko (D:2)
  10 orcs
  A ball python (D:1)
  2 bats
  A giant cockroach (D:2)
  4 goblins
  5 hobgoblins (D:2)
  2 jackals (D:3)
  A frilled lizard (D:2)
  4 kobolds
  8 rats (D:2)
45 creatures vanquished.

Notes
Turn   | Place    | Note
-------+----------+-------------------------------------------
     0 | D:1      | snakesoul the Demonspawn Fighter began the quest for the Orb.
     0 | D:1      | Reached XP level 1. HP: 18/18 MP: 1/1
   686 | D:2      | Gained mutation: You are partially covered in rugged brown scales. (AC +1, +3% HP) [demonic ancestry]
   686 | D:2      | Reached XP level 2. HP: 18/24 MP: 2/2
  1138 | D:2      | Gained mutation: You are slightly more attuned to the shadows. [demonic ancestry]
  1138 | D:2      | Reached XP level 3. HP: 22/29 MP: 3/3
  1288 | D:2      | Found a runed door.
  1765 | D:2      | Noticed Crazy Yiuf
  1776 | D:2      | Killed Crazy Yiuf
  2154 | D:2      | Gained mutation: You regenerate a little health from kills. [demonic ancestry]
  2154 | D:2      | Reached XP level 4. HP: 27/36 MP: 4/4
  2425 | D:3      | Noticed junkhipster's ghost (amateur MiFi)
  2494 | D:3      | Reached XP level 5. HP: 35/43 MP: 5/5
  2514 | D:3      | Slain by an orc priest

Vault maps used:
D:1:      elethiomel_arrival_maze
D:2:      minmay_misc_feat_diagonals, uniq_crazy_yiuf_cottage

Skill      XL: |  1  2  3 |
---------------+----------+-----
Long Blades    | 2 3 |  3.6
Shields        | 3 |  3.5
Fighting       | |  3.9
Armour         | |  2.6

Action                   |  1- 3 |  4- 6 || total
-------------------------+-------+-------++-------
Melee: Long sword        |    89 |   107 ||   196
  Eat: Chunk             |     3 |     2 ||     5
Armor: Scale mail        |    27 |    56 ||    83
Dodge: Dodged            |    22 |    41 ||    63
Block: Shield            |    41 |    58 ||    99
       Rpst.: Long sword |     8 |    10 ||    18
